 Dungeon Crawl Stone Soup version 0.20.1-1-g8b1a95d (webtiles) character file.

18 tidbits the Insei (level 2, 3/22 HPs)
             Began as a Demigod Transmuter on Aug 19, 2017.
             Quit the game on level 2 of the Dungeon.
             The game lasted 00:01:01 (128 turns).

tidbits the Insei (Demigod Transmuter)               Turns: 128, Time: 00:01:01

Health: 3/22       AC:  2    Str: 10 (13) XL:     2   Next: 36%
Magic:  5/7        EV: 12    Int: 14 (17) God:
Gold:   0          SH:  0    Dex: 14 (16) Spells: 3/4 levels left

rFire    . . .     SeeInvis .     - Unarmed
rCold    . . .     Gourm    .   (no shield)
rNeg     . . .     Faith    .   b - +0 robe
rPois    .         Spirit   .   (no helmet)
rElec    .         Reflect  .   (no cloak)
rCorr    .         Harm     .   (no gloves)
MR       .....                  (no boots)
Stlth    +.........             (no amulet)
Regen    0.1/turn               (no ring)
MPRegen  0.1/turn               (no ring)

@: lethally poisoned (3 -> -2), appendage
A: horns 2, high mp 1
a: End Transformation


You were on level 2 of the Dungeon.
You were not hungry.
You had grown temporary horns.
You visited 1 branch of the dungeon, and saw 3 of its levels.

Inventory:

Missiles
 a - 12 arrows
Armour
 b - a +0 robe (worn)
Books
 c - a book of Changes

   Spells                             Type                      Level
   a - Beastly Appendage              Transmutation                1
   b - Sticks to Snakes               Transmutation                2
   c - Spider Form                    Transmutation/Poison         3
   d - Ice Form                       Ice/Transmutation            4
   e - Blade Hands                    Transmutation                5
Comestibles
 d - 2 bread rations
 f - 3 chunks of flesh


   Skills:
 - Level 0.8 Fighting
 - Level 1.7 Dodging
 + Level 3.5 Unarmed Combat
 - Level 1.7 Spellcasting
 - Level 1.7 Transmutations


You had 3 spell levels left.
You knew the following spells:

 Your Spells              Type           Power        Failure   Level  Hunger
e - Beastly Appendage     Tmut           #.....       12%         1    ##.....


Dungeon Overview and Level Annotations

Branches:
Dungeon (3/15)


Innate Abilities, Weirdness & Mutations

You have an increased reservoir of magic. (+10% MP)
You have a pair of horns on your head.


Message History

You hit the dart slug.
The dart slug is almost dead.
You hit the dart slug.
You kill the dart slug!
Your transformation is almost over.
d - 2 bread rations (gained 1)
Your horns disappear.
Your magical contamination has completely faded away.
You enter a teleport trap!
The teleport trap disappears.
Your surroundings suddenly seem different.
A hobgoblin comes into view. It is wielding a club.
Found 26 stones.
Found a stone staircase leading down.
The helpless hobgoblin fails to defend itself.
You hit the hobgoblin.
The hobgoblin is heavily wounded.
The hobgoblin hits you but does no damage.
Casting: Beastly Appendage
Confirm with . or Enter, or press ? or * to list all spells.
Your feet morph into talons.
The hobgoblin hits you with a club.
You closely miss the hobgoblin.
The hobgoblin is heavily wounded.
The hobgoblin hits you but does no damage.
You hit the hobgoblin.
The hobgoblin is severely wounded.
The hobgoblin misses you.
You hit the hobgoblin.
You kill the hobgoblin!
Your Unarmed Combat skill increases to level 3!
Your transformation is almost over.
Things that are here:
a club; a hobgoblin corpse You open the door.
A dart slug comes into view.
There is an open door here.
The helpless dart slug fails to defend itself.
You hit the dart slug. You claw the dart slug.
The dart slug is severely wounded.
The dart slug barely misses you.
You hit the dart slug.
You kill the dart slug!
Your talons disappear.
There is an open door here.
There is a stone staircase leading down here.
You climb downwards.
Found a dagger.
There is a stone staircase leading up here.
Found a stone staircase leading down.
You see here a dagger.
There is a stone staircase leading down here.
You climb downwards.
A scorpion, 4 orcs and an orc wizard come into view.
The orc wizard shouts!
The orc shouts!
You hear an angry hiss.
You hear a shout!
The orc shouts!
You hear an angry hiss.
Found 6 gold pieces and a ring mail.
There is a stone staircase leading up here.
The orc hits you but does no damage.
You climb upwards.
There is a stone staircase leading down here.
Casting: Beastly Appendage
Confirm with . or Enter, or press ? or * to list all spells.
Your feet morph into talons.
You closely miss the orc. The orc closely misses you.
You hit the orc. You claw the orc.
The orc is moderately wounded.
The orc hits you but does no damage.
You hit the orc. You claw the orc.
You kill the orc!
You see here an orc corpse.
You butcher the orc corpse.
f - 3 chunks of flesh Your transformation is almost over.
Found a meat ration.
An adder comes into view.
Your talons disappear.
The adder hisses angrily.
The adder bites you.
Casting: Beastly Appendage
Confirm with . or Enter, or press ? or * to list all spells.
You grow a pair of large bovine horns.
The adder barely misses you.
You hit the adder.
The adder is lightly wounded.
The adder barely misses you.
You hit the adder.
The adder is heavily wounded.
The adder closely misses you.
You hit the adder.
The adder is severely wounded.
The adder bites you.
You are poisoned.
The adder poisons you! The adder bites you.
* * * LOW HITPOINT WARNING * * *
You hit the adder but do no damage. You headbutt the adder.
You kill the adder!
You have reached level 2!
* * * LOW HITPOINT WARNING * * *
You feel sick.
It was a potion of degeneration.
There was something very wrong with that liquid.
You feel weakened.
You feel dopey.
You feel clumsy.
Are you sure you want to abandon this character and quit the game? (Confirm with "yes".)

## ########
....###......#
#.%.....####.##
#.#.###.@.....#
..........#..#########
....##..#.#..#>....).#
.#. ##..#.......####.#
..........#..####<#
.###.####.#....##.# #
#......#.##.##.#
########.##.##.#
#.......#


There were no monsters in sight!

Vanquished Creatures
  An adder (D:2)
  2 dart slugs (D:1)
  An orc (D:2)
  A hobgoblin (D:1)
5 creatures vanquished.

Notes
Turn   | Place    | Note
-------+----------+-------------------------------------------
     0 | D:1      | tidbits the Demigod Transmuter began the quest for the Orb.
     0 | D:1      | Reached XP level 1. HP: 15/15 MP: 5/5
    61 | D:1      | Reached skill level 3 in Unarmed Combat
    95 | D:3      | Noticed an orc wizard
    95 | D:3      | Noticed a scorpion
   126 | D:2      | Reached XP level 2. HP: 4/22 MP: 5/7
   128 | D:2      | Quit the game

Skill      XL: |  1 |
---------------+----+-----
Unarmed Combat | 3 |  3.5
Fighting       | |  0.8
Dodging        | |  1.7
Spellcasting   | |  1.7
Transmutations | |  1.7

Action                   || total
-------------------------++-------
Melee: Unarmed           ||    17
       Kick              ||     3
       Headbutt          ||     1
 Cast: Beastly Appendage ||     4
  Use: Potion            ||     1
 Stab: Sleeping          ||     2
Armor: Robe              ||     3
Dodge: Dodged            ||     9

Table legend:
 A = Turns spent in this place as a percentage of turns spent in the entire game.
 B = Non-inter-level travel turns spent in this place as a percentage of non-inter-level travel turns spent in the entire game.
 C = Inter-level travel turns spent in this place as a percentage of turns spent in this place.
 D = Turns resting spent in this place as a percentage of non-inter-level travel turns spent in this place.
 E = Turns spent auto-exploring this place as a percentage of non-inter-level travel turns spent in this place.
 F = Non-inter-level travel turns spent in this place divided by the number of levels of this place that you've seen.
                   A       B       C       D       E      F
               +-------+-------+-------+-------+-------+----------------------
         Total | 100.0 | 100.0 |   0.0 |   0.0 |   0.0 |  41.3
       Dungeon | 100.0 | 100.0 |   0.0 |   0.0 |   0.0 |  41.3
               +-------+-------+-------+-------+-------+----------------------

Table legend:
 A = Kills in this place as a percentage of kills in entire the game.
 B = Kills by you in this place as a percentage of kills by you in the entire game.
 C = Kills by friends in this place as a percentage of kills by friends in the entire game.
 D = Other kills in this place as a percentage of other kills in the entire game.
 E = Experience gained in this place as a percentage of experience gained in the entire game.
 F = Experience gained in this place divided by the number of levels of this place that you have seen.
                   A       B       C       D       E      F
               +-------+-------+-------+-------+-------+----------------------
         Total | 100.0 | 100.0 |  -nan |  -nan | 100.0 |   9.0
       Dungeon | 100.0 | 100.0 |  -nan |  -nan | 100.0 |   9.0
               +-------+-------+-------+-------+-------+----------------------

Vault maps used:
D:1:      wheals_arrival_shading
D:2:      minmay_rat_hole
D:3:      zin_purify, bloody_makhleb
